 Dungeon Crawl Stone Soup version 0.32-a0-886-g41c5271027 (webtiles) character file.

Game seed: 384306520952419789

4158 Lanoc the Skirmisher (level 10, -15/79 HPs)
             Began as a Coglin Hunter on Apr 2, 2024.
             Was an Elder of Okawaru.
             Demolished by Gastronok (36 damage)
             ... on level 9 of the Dungeon.
             The game lasted 00:06:50 (6128 turns).

Lanoc the Skirmisher (Coglin Hunter)                Turns: 6128, Time: 00:06:50

Health: -15/79     AC:  8    Str: 13    XL:     10   Next: 28%
Magic:  10/10      EV: 16    Int:  8    God:    Okawaru [****..]
Gold:   479        SH:  0    Dex: 23    Spells: 9/9 levels left

rFire   . . .        a - +2 sling {Fuyuko}
rCold   . . .        m - +8 sling of Dismay {heavy, Dex+2 Stlth+}
rNeg    . . .        y - +3 leather armour
rPois   .            A - +2 hat
rElec   .            (no cloak)
rCorr   .            (no gloves)
SInv    .            (no boots)
Will    .....        (amulet unavailable)
Stlth   ++           (ring unavailable)
HPRegen 0.33/turn    (ring unavailable)
MPRegen 0.12/turn    (no gizmo)

%: no passive effects
@: silenced, revved
A: off-hand wielding, slow wielding, warmup strikes, no jewellery
a: Invent Gizmo, Renounce Religion


You were on level 9 of the Dungeon.
You worshipped Okawaru.
Okawaru was greatly pleased with you.
You visited 2 branches of the dungeon, and saw 10 of its levels.

You collected 479 gold pieces.

Inventory:

Hand Weapons
 a - a +2 sling (weapon) {Fuyuko}
 m - the +8 sling of Dismay (offhand) {heavy, Dex+2 Stlth+}
   (You found it on level 2 of the Dungeon)

   Dex+2:     It affects your dexterity (+2).
   Stlth+:    It makes you more stealthy.
Missiles
 F - a curare-tipped dart
Armour
 y - a +3 leather armour (worn)
 A - a +2 hat (worn)
Wands
 p - a wand of charming (10)
 s - a wand of roots (6)
 B - a wand of acid (2)
Scrolls
 b - a scroll of butterflies
 d - a scroll of silence
 f - 2 scrolls of noise {unknown}
 g - a scroll of poison {unknown}
 h - 2 scrolls of fog {unknown}
 i - 2 scrolls of revelation {unknown}
 l - 3 scrolls of amnesia {unknown}
 n - a scroll of immolation {unknown}
 o - a scroll of brand weapon {unknown}
 t - 3 scrolls of teleportation {unknown}
 u - 2 scrolls of fear {unknown}
 v - 3 scrolls of identify {unknown}
 x - a scroll of torment {unknown}
 z - a scroll of summoning {unknown}
Potions
 c - a potion of invisibility {unknown}
 e - a potion of heal wounds
 j - 4 potions of curing {unknown}
 k - a potion of berserk rage {unknown}
 q - 2 potions of attraction {unknown}
 r - 4 potions of might {unknown}
 w - a potion of degeneration {unknown}
 C - a potion of enlightenment {unknown}
 D - a potion of mutation {unknown}
 E - 2 potions of haste {unknown}


   Skills:
 + Level 7.5 Fighting
 * Level 10.2 Ranged Weapons
 + Level 6.9 Dodging
 - Level 0.7 Stealth


You had 9 spell levels left.
You didn't know any spells.
Your spell library contained the following spells:

 Spells                   Type           Power      Damage    Failure   Level
 Apportation              Tloc           0%         N/A       50%         1
 Shock                    Conj/Air       0%         1d3       50%         1
 Jinxbite                 Hex            0%         N/A       63%         2
 Frozen Ramparts          Ice            0%         1d1       86%         3
 Maxwell's Portable Pile  Tloc           0%         2d(5-13)  86%         3
 Ozocubu's Armour         Ice            0%         N/A       86%         3
 Stone Arrow              Conj/Erth      0%         3d7       86%         3
 Swiftness                Air            0%         N/A       86%         3
 Airstrike                Air            0%         2d(0-16)  99%         4
 Alistair's Intoxication  Alch           0%         N/A       100%        5
 Arcjolt                  Conj/Air       0%         1d10      100%        5
 Metabolic Englaciation   Hex/Ice        0%         N/A       100%        5
 Orb of Destruction       Conj           0%         9d5       100%        7
 Lehudib's Crystal Spear  Conj/Erth      0%         10d2      100%        8
 Maxwell's Capacitive Co  Air            0%         ∞         100%        8
 Animate Armour           Summ/Erth      Unusable   N/A       N/A         4
 Summon Blazeheart Golem  Fire/Summ      Unusable   N/A       N/A         4
 Spellforged Servitor     Conj/Summ      Unusable   N/A       N/A         7

Dungeon Overview and Level Annotations

Branches:
Dungeon (9/15)             Temple (1/1) D:5
   Lair: D:8-11         Orc: D:9-12

Altars:
Cheibriados
Dithmenos
Gozag
Hepliaklqana
Kikubaaqudgha
Nemelex Xobeh
Okawaru
Qazlal
Ru
Sif Muna
Trog
Uskayaw
Wu Jian
Xom
Yredelemnul
Zin
The Shining One

Shops:
D:1 =

Annotations:
D:9 Gastronok


Innate Abilities, Weirdness & Mutations

You can wield a second weapon in your off-hand.
It takes a long time for you to wield or remove held weapons.
Your first few attacks do less damage.
You cannot equip rings or amulets.


Message History

The orc wizard is severely wounded.
The orc hits you with a +0 club.
The orc wizard hits you but does no damage.
Fire: a) +2 sling {Fuyuko}
Press: ? - help, Q - select action, (/) - cycle Shift-Dir - straight line, f/p - orc wizard
Aim: an orc wizard, wielding a +0 dagger and wearing a +0 robe (silenced, severely wounded, 65% to hit)
You shoot a sling bullet. The sling bullet hits the orc wizard!!
You kill the orc wizard!
Okawaru accepts your kill.
You shoot a sling bullet. The orc hits you with a +0 club.
Fire: a) +2 sling {Fuyuko}
Press: ? - help, Q - select action, (/) - cycle Shift-Dir - straight line, f - Gastronok
Aim: Gastronok, wearing a +0 hat of see invisible (silenced, heavily wounded, 94% to hit)
You shoot a sling bullet. The sling bullet hits Gastronok!!
Gastronok is heavily wounded.
You shoot a sling bullet. The sling bullet hits Gastronok!
Gastronok is heavily wounded.
The orc hits you but does no damage. Gastronok bites you!!
* * * LOW HITPOINT WARNING * * *
You feel much better. The orc barely misses you.
Fire: a) +2 sling {Fuyuko}
Press: ? - help, Q - select action, (/) - cycle Shift-Dir - straight line, f/p - Gastronok
Aim: Gastronok, wearing a +0 hat of see invisible (silenced, heavily wounded, 94% to hit)
You shoot a sling bullet. The sling bullet hits Gastronok!
Gastronok is severely wounded.
You shoot a sling bullet. The sling bullet hits Gastronok.
Gastronok is severely wounded.
The orc hits you but does no damage. Gastronok bites you.
* * * LOW HITPOINT WARNING * * *
Fire: a) +2 sling {Fuyuko}
Press: ? - help, Q - select action, (/) - cycle Shift-Dir - straight line, f/p - Gastronok
Aim: Gastronok, wearing a +0 hat of see invisible (silenced, severely wounded, 94% to hit)
You shoot a sling bullet. The sling bullet hits Gastronok.
Gastronok is severely wounded.
You shoot a sling bullet. The sling bullet hits Gastronok!
Gastronok is almost dead.
The orc completely misses you. The orc hits you but does no damage.
Gastronok bites you!!!
You die...

...............
....................
.....................
...).................
.....................
......)..............
.......w........)....
......)@.......).....
......o.......).)....
.............).).....
............)))....(.
.............###.....
..>.......).## ....
..........).# ....
#...........## #....
###..........###.....


You could see Gastronok and an orc.

Vanquished Creatures
  A hornet (D:7)
  A vampire (D:9)
  2 wyverns
  A steam dragon (D:8)
  A water moccasin (D:5)
  A black bear (D:7)
  4 orc warriors
  3 ogres
  3 centaurs
  2 phantoms
  2 kobold brigands
  5 bullfrogs
  5 scorpions
  4 killer bees (D:8)
  4 howler monkeys
  A jelly (D:4)
  6 hounds
  3 gnoll boudas
  An orc priest (D:8)
  4 sleepcaps
  7 iguanas
  Ijyb (D:3)
  Terence (D:2)
  4 orc wizards
  11 gnolls
  8 adders
  2 white imps (D:7)
  6 ufetubi
  3 ribbon worms
  A dart slug (D:8)
  25 orcs
  14 ball pythons
  7 bats
  10 endoplasms
  6 goblins
  4 hobgoblins
  7 jackals
  6 quokkas
  A frilled lizard (D:3)
  15 kobolds
  3 rats
196 creatures vanquished.

Notes
Turn   | Place    | Note
-------+----------+-------------------------------------------
     0 | D:1      | Lanoc the Coglin Hunter began the quest for the Orb.
     0 | D:1      | Reached XP level 1. HP: 16/16 MP: 1/1
   138 | D:1      | Reached XP level 2. HP: 22/22 MP: 2/2
   298 | D:1      | Found Xamuar's Jewellery Shoppe.
   672 | D:1      | Reached skill level 4 in Ranged Weapons
   802 | D:2      | Reached XP level 3. HP: 28/28 MP: 3/3
   985 | D:2      | Found a faded altar of an unknown god.
   990 | D:2      | Identified the +8 sling of Dismay {heavy, Dex+2 Stlth+}
  1237 | D:2      | Noticed Terence
  1242 | D:2      | Killed Terence
  1243 | D:2      | Reached XP level 4. HP: 34/34 MP: 4/4
  1748 | D:3      | Noticed Ijyb
  1752 | D:3      | Killed Ijyb
  1753 | D:3      | Reached XP level 5. HP: 41/41 MP: 5/5
  2244 | D:4      | Noticed an ogre
  2246 | D:4      | Killed an ogre
  2247 | D:4      | Reached skill level 5 in Ranged Weapons
  2247 | D:4      | Reached XP level 6. HP: 47/47 MP: 6/6
  2766 | D:4      | Reached XP level 7. HP: 53/53 MP: 7/7
  2807 | D:5      | Entered Level 5 of the Dungeon
  2867 | D:5      | Reached skill level 6 in Ranged Weapons
  2878 | D:5      | Found a hide-covered altar of Uskayaw.
  3022 | D:5      | Reached XP level 8. HP: 37/61 MP: 8/8
  3215 | D:5      | Found a staircase to the Ecumenical Temple.
  3221 | Temple   | Entered the Ecumenical Temple
  3271 | Temple   | Became a worshipper of Warmaster Okawaru
  3492 | D:5      | Reached skill level 7 in Ranged Weapons
  3535 | D:5      | Reached skill level 5 in Fighting
  3810 | D:6      | Reached * piety under Okawaru
  3851 | D:6      | Reached skill level 5 in Dodging
  4468 | D:7      | Noticed a hornet
  4474 | D:7      | Killed a hornet
  4475 | D:7      | Reached skill level 8 in Ranged Weapons
  4475 | D:7      | Reached XP level 9. HP: 31/69 MP: 9/9
  4569 | D:7      | Reached ** piety under Okawaru
  5031 | D:7      | Reached skill level 9 in Ranged Weapons
  5042 | D:7      | Reached *** piety under Okawaru
  5058 | D:7      | Found a sparkling altar of Nemelex Xobeh.
  5434 | D:8      | Reached XP level 10. HP: 79/79 MP: 10/10
  5632 | D:8      | Found a hazy altar of Hepliaklqana.
  5633 | D:8      | Found a shadowy altar of Dithmenos.
  5707 | D:8      | Found a snail-covered altar of Cheibriados.
  5713 | D:8      | Identified the +0 leather armour of Yredelemnul's Fury
                  | {rN+}
  5868 | D:9      | Reached skill level 10 in Ranged Weapons
  5880 | D:9      | Reached **** piety under Okawaru
  6111 | D:9      | Noticed Gastronok
  6125 | D:9      | HP: 2/79 [Gastronok (28)]
  6128 | D:9      | Demolished by Gastronok

Illustrated notes

Levels and vault maps discovered:
D:1:      co_arrival_square_in_a_square_in_a_square, layout_basic, serial_shops,
          shop, minivault_25, minmay_shallow_snake_nest
D:2:      layout_rooms, chequers_ecumenical_altar_island, grunt_ministairs_11,
          kennysheep_generic_room_6, uniq_terence
D:3:      layout_basic, amcnicky_mini_rare_corridor_liquid,
          minmay_misc_feat_pillars, uniq_ijyb
D:4:      layout_gridville
D:5:      layout_basic, eat_drink_and_be_merry_uskayaw,
          minmay_temple_entry_trees, grunt_ministairs_2
D:6:      layout_basic, hellmonk_no_cap
D:7:      layout_loops_ring, minmay_ruined_shrine
D:8:      layout_cave_pools, riverfiend_overflow_shadow_ancestor,
          kennysheep_slug_shrine
D:9:      layout_big_octagon, minmay_overflow_temple_star_quad, demons_altar,
          dpeg_oklobed_lair, orc_0_dummy, uniq_gastronok
Temple:   nicolae_temple_god_jail

Skill      XL: |  1  2  3  4  5  6  7  8  9 10 |
---------------+-------------------------------+-----
Dodging        | 2 3 4 5 6 |  6.9
Ranged Weapons | 4 5 6 8 9 10 | 10.2
Fighting       | 3 4 5 7 |  7.5
Stealth        | |  0.7

Action                     |  1- 3 |  4- 6 |  7- 9 | 10-12 || total
---------------------------+-------+-------+-------+-------++-------
   Fire: Sling             |   148 |   154 |   320 |   134 ||   756
    Use: Potion            |       |       |     1 |     1 ||     2
         Scroll            |       |       |       |     1 ||     1
 Armour: Leather armour    |    19 |     5 |    31 |    22 ||    77
  Dodge: Dodged            |    29 |     2 |    20 |    20 ||    71

Table legend: (Time is in decaauts)
 A = Elapsed time spent in this place.
 B = Non-inter-level travel time spent in this place.
 C = Inter-level travel time spent in this place.
 D = Time resting spent in this place.
 E = Time spent auto-exploring this place.
 F = Levels seen in this place.
 G = Mean time per level.
                   A        B        C        D        E       F      G
               +--------+--------+--------+--------+--------+-----+--------+
         Total |   6257 |   6098 |    159 |      0 |   5211 |  10 |  625.7 |
       Dungeon |   6193 |   6047 |    146 |      0 |   5211 |   9 |  688.1 |
        Temple |     64 |     51 |     13 |      0 |      0 |   1 |   64.0 |
               +--------+--------+--------+--------+--------+-----+--------+

Top non-repeatable levels by time:
     D:5: 943 daAuts
     D:3: 863 daAuts
     D:7: 817 daAuts
     D:1: 807 daAuts
     D:6: 662 daAuts
     D:4: 634 daAuts
     D:8: 590 daAuts
     D:2: 564 daAuts
     D:9: 309 daAuts
  Temple: 64 daAuts
